 Dungeon Crawl Stone Soup version 0.20.1-1-g8b1a95d (webtiles) character file.

25423 Larett the Severer (level 12, 0/109 HPs)
             Began as a Minotaur Berserker on Sept 16, 2017.
             Was the Champion of Trog.
             Killed from afar by a molten gargoyle (8 damage)
             ... with a bolt of magma
             ... in a volcano.
             The game lasted 00:45:42 (12862 turns).

Larett the Severer (Minotaur Berserker)            Turns: 12862, Time: 00:45:43

Health: 0/109      AC: 18    Str: 21    XL:     12   Next: 89%
Magic:  11/11      EV: 16    Int:  6    God:    Trog [******]
Gold:   230        SH:  0    Dex: 16    Spells: 11/11 levels left

rFire    . . .     SeeInvis .   a - +6 battleaxe (venom) {god gift}
rCold    . . .     Gourm    .   (shield currently unavailable)
rNeg     . . .     Faith    +   x - +0 plate armour
rPois    .         Spirit   .   (helmet restricted)
rElec    +         Reflect  .   U - +0 cloak
rCorr    .         Harm     .   u - +5 pair of gloves "Minwuman" {Slay+2}
MR       .....                  (no boots)
Stlth    ..........             O - amulet of faith {!P}
Regen    0.3/turn               n - ring of Spring {rElec EV+4 Int+2 Slay+3}
MPRegen  0.2/turn               J - +3 ring of evasion

@: studying 2 skills
A: retaliatory headbutt, claws 1, horns 2, blink, frail 1
a: Blink, Berserk, Trog's Hand, Brothers in Arms, Burn Spellbooks, Renounce
Religion


You were in a volcano.
You worshipped Trog.
Trog was exalted by your worship.
You were hungry.

You visited 3 branches of the dungeon, and saw 15 of its levels.
You also visited: Sewer and Volcano.

You collected 964 gold pieces.
You spent 734 gold pieces at shops.

Inventory:

Hand Weapons
 a - a +6 battleaxe of venom (weapon) {god gift}
 b - a +4 hunting sling of flaming {god gift}
 m - the +1 flail of the Real Monster {flame, +Rage +Inv MP+9}
   (You found it on level 10 of the Dungeon)

   It has been specially enchanted to burn those struck by it, causing extra
   injury to most foes and up to half again as much damage against particularly
   susceptible opponents.
   It affects your magic capacity (+9).
   It lets you turn invisible.
   It lets you go berserk.
 o - a +2 antimagic war axe {god gift}
 q - a +1 scimitar of flaming
 r - a +3 dagger
 R - a +0 demon trident
Missiles
 e - 43 bolts
 h - 323 stones (quivered)
 s - 78 sling bullets
 H - 18 arrows
Armour
 u - the +5 pair of gloves "Minwuman" (worn) {Slay+2}
   (You found it on level 5 of the Dungeon)

   It affects your accuracy and damage with ranged weapons and melee attacks
   (+2).
 x - a +0 plate armour (worn)
 U - a +0 cloak (worn)
Jewellery
 n - the ring of Spring (left hand) {rElec EV+4 Int+2 Slay+3}
   (You bought it in a shop on level 5 of the Dungeon)

   [ring of evasion]

   It affects your evasion (+4).
   It affects your intelligence (+2).
   It affects your accuracy and damage with ranged weapons and melee attacks
   (+3).
   It insulates you from electricity.
 J - a +3 ring of evasion (right hand)
 O - an amulet of faith (around neck) {!P}
 V - an uncursed ring of fire
Wands
 y - a wand of lightning (10/15)
 A - a wand of acid (6/15)
 D - a wand of lightning (9/15)
 F - a wand of lightning (8/15)
 L - a wand of lightning (10/15)
Scrolls
 d - 2 scrolls of recharging
 g - 2 scrolls of fear
 t - a scroll of enchant armour {unknown}
 B - a scroll of blinking
 C - 2 scrolls of immolation
 I - a scroll of holy word {unknown}
 M - 2 scrolls of magic mapping
 S - a scroll of amnesia {unknown}
 T - 4 scrolls of teleportation
 W - 4 scrolls of fog
 X - a scroll of remove curse
Potions
 k - a potion of haste
 l - 2 potions of cancellation
 w - a potion of invisibility
 E - 4 potions of heal wounds
 N - a potion of lignification
 Q - 8 potions of curing
 Y - 2 potions of might
 Z - 2 potions of mutation {!q}
Books
 v - a manual of Maces & Flails
 G - a manual of Dodging
Comestibles
 i - 12 royal jellies
 z - 4 meat rations
 K - 4 bread rations
 P - 13 fruits


   Skills:
 - Level 15.6 Fighting
 + Level 17.3(18.4) Axes
 + Level 11.4(15.6) Maces & Flails
 - Level 2.4 Armour
 + Level 6.9 Dodging


You had 11 spell levels left.
You didn't know any spells.

Dungeon Overview and Level Annotations

Branches:
Dungeon (10/15)            Temple (1/1) D:6            Lair (4/6) D:10
 Shoals (0/4) Lair:2        Snake (0/4) Lair:4
    Orc: D:9-12

Altars:
Ashenzari
Elyvilon
Fedhas
Gozag
Hepliaklqana
Kikubaaqudgha
Makhleb
Sif Muna
Xom
Yredelemnul
Zin
The Shining One

Shops:
D:5 =


Innate Abilities, Weirdness & Mutations

You reflexively headbutt those who attack you in melee.
You have a pair of horns on your head.
You have sharp fingernails.
You can translocate small distances at will.
You are frail. (-10% HP)


Message History

You slash the earth elemental! You headbutt the earth elemental.
You destroy the earth elemental!
Trog accepts your kill. The lindwurm breathes flames at you.
The blast of flame hits you! The lindwurm breathes flames at you.
The blast of flame hits you! The lindwurm breathes flames at you.
The blast of flame hits you!
* * * LOW HITPOINT WARNING * * *
You open the door.
A molten gargoyle and a toenail golem come into view.
There is an open door here.
The molten gargoyle blasts magma at you!
The bolt of magma hits you!
* * * LOW HITPOINT WARNING * * *
You close the door.
The molten gargoyle blasts magma at you!
The bolt of magma hits you!
You die...

## #.## ...## .≈..#
§§..§ §§≈§§ §≈≈§≈
§§≈≈####### ######
§§###.'#≈≈###≈#+@#
####..#)≈≈.k≈≈.#..#
.....##.≈≈≈k≈..##8.9.
....###..≈≈≈≈..#
#..... ...##
##.≈≈≈..## #...# #.##
#..≈≈..# #.## ###
##..≈.## ## #....#
##..##


You could see a toenail golem and a molten gargoyle.

Vanquished Creatures
  A hydra (Lair:2)
  4 two-headed ogres
  Sonja (D:10)
  An ugly thing (D:8)
  2 oklob plants (Lair:3)
  Maurice (D:10)
  4 merfolk sirens (Lair:2)
  A molten gargoyle (Volcano)
  7 spiny frogs
  An efreet (Volcano)
  6 komodo dragons
  A queen bee (D:10)
  4 hippogriffs
  A vampire (D:10)
  A shadow (D:8)
  3 basilisks
  The ghost of motheatonn the Skirmisher, an amateur HOFi (D:5)
  3 fire bats (Lair:4)
  14 yaks
  A hungry ghost (D:7)
  The ghost of zepal the Conjurer, an amateur DECj (D:4)
  10 porcupines
  12 water moccasins
  3 orc warriors
  3 black bears
  2 phantoms
  2 sky beasts
  3 ice beasts
  6 wolves (Lair:3)
  5 ogres
  6 centaurs
  9 crocodiles
  5 big kobolds
  9 bullfrogs
  3 earth elementals (Volcano)
  4 scorpions
  21 killer bees
  A howler monkey (D:10)
  3 vampire bats (D:2)
  12 wights
  6 crimson imps
  2 centaur zombies
  4 hounds
  3 jellies
  9 orc priests
  11 orc wizards
  A centaur skeleton (D:5)
  9 worker ants
  An iguana (D:9)
  2 hound skeletons
  A worker ant zombie (D:5)
  A howler monkey skeleton (D:8)
  A river rat (Sewer)
  15 adders
  9 shadow imps
  8 oozes
  An adder zombie (D:9)
  An adder skeleton (D:5)
  8 worms
  A dart slug (D:1)
  2 leopard geckos
  28 orcs
  4 bats
  2 bat skeletons (D:2)
  4 bat zombies (D:2)
  5 giant cockroaches
  7 goblins
  8 hobgoblins
  13 jackals
  2 quokkas
  5 ball pythons
  6 frilled lizards
  A giant cockroach zombie (D:5)
  18 kobolds
  A quokka skeleton (D:10)
  14 rats
  A fire vortex (Volcano)
  2 fungi
  2 plants
397 creatures vanquished.

Vanquished Creatures (others)
  5 fungi (D:10)
  2 plants (D:10)
7 creatures vanquished.

Grand Total: 404 creatures vanquished

Notes
Turn   | Place    | Note
-------+----------+-------------------------------------------
     0 | D:1      | Larett the Minotaur Berserker began the quest for the Orb.
     0 | D:1      | Reached XP level 1. HP: 19/19 MP: 0/0
   161 | D:1      | Reached skill level 4 in Axes
   178 | D:1      | Reached XP level 2. HP: 27/27 MP: 1/1
   566 | D:1      | Reached ** piety under Trog
   630 | D:1      | Reached XP level 3. HP: 33/33 MP: 2/2
  1222 | D:2      | Found an ancient bone altar of Kikubaaqudgha.
  1230 | D:2      | Reached skill level 5 in Axes
  1230 | D:2      | Reached XP level 4. HP: 34/41 MP: 3/3
  1249 | D:2      | Reached XP level 5. HP: 38/49 MP: 4/4
  1557 | D:2      | Reached skill level 6 in Axes
  1809 | D:3      | Noticed an ogre
  1828 | D:3      | Killed an ogre
  1828 | D:3      | Reached skill level 6 in Fighting
  1828 | D:3      | Reached XP level 6. HP: 57/57 MP: 5/5
  1979 | D:3      | Found a hazy altar of Hepliaklqana.
  2231 | D:3      | Reached *** piety under Trog
  2400 | D:4      | Reached skill level 7 in Axes
  2449 | D:4      | Reached XP level 7. HP: 51/66 MP: 6/6
  2506 | D:4      | Found a glowing drain.
  2512 | Sewer    | Entered a sewer
  2643 | Sewer    | Reached skill level 8 in Axes
  2848 | Sewer    | Reached **** piety under Trog
  3228 | D:4      | Noticed zepal's ghost (amateur DECj)
  3237 | D:4      | Killed zepal's ghost
  3237 | D:4      | Reached skill level 9 in Axes
  3237 | D:4      | Reached XP level 8. HP: 50/75 MP: 7/7
  3365 | D:4      | Found a basalt altar of Yredelemnul.
  3369 | D:4      | Found a shattered altar of Ashenzari.
  3371 | D:4      | Found a white marble altar of Elyvilon.
  3373 | D:4      | Found a shimmering altar of Xom.
  3377 | D:4      | Found a blossoming altar of Fedhas.
  3493 | D:4      | Reached skill level 9 in Fighting
  3594 | D:4      | Found a deep blue altar of Sif Muna.
  3666 | D:4      | Found a glowing golden altar of the Shining One.
  3758 | D:5      | Entered Level 5 of the Dungeon
  3784 | D:5      | Reached ***** piety under Trog
  3800 | D:5      | Noticed motheatonn's ghost (amateur HOFi)
  3810 | D:5      | Killed motheatonn's ghost
  4054 | D:5      | Got a pair of ichor-stained gloves
  4060 | D:5      | Identified the +5 pair of gloves "Minwuman" {Slay+2} (You found it on level 5 of the Dungeon)
  4065 | D:5      | Found Tiuvve's Jewellery Shoppe.
  4084 | D:5      | Reached skill level 10 in Axes
  4089 | D:5      | Found a glowing silver altar of Zin.
  4090 | D:5      | Found a burning altar of Makhleb.
  4109 | D:5      | Noticed an Executioner
  4110 | D:5      | Noticed an angel
  4614 | D:6      | Found a staircase to the Ecumenical Temple.
  4620 | Temple   | Entered the Ecumenical Temple
  4799 | D:6      | Reached XP level 9. HP: 80/86 MP: 8/8
  5113 | D:6      | Reached skill level 11 in Axes
  5523 | D:7      | Found an opulent altar of Gozag.
  5940 | D:8      | Reached skill level 12 in Axes
  5941 | D:8      | Noticed a two-headed ogre
  5946 | D:8      | Killed a two-headed ogre
  5946 | D:8      | Reached skill level 12 in Fighting
  5946 | D:8      | Reached XP level 10. HP: 74/97 MP: 9/9
  5953 | D:8      | Found a transporter.
  5975 | D:8      | Received a gift from Trog
  6051 | D:8      | Noticed a two-headed ogre
  6057 | D:8      | Killed a two-headed ogre
  6111 | D:8      | Found a transporter.
  6111 | D:8      | Found a transporter.
  6111 | D:8      | Found a transporter.
  6111 | D:8      | Found a transporter.
  6115 | D:8      | Noticed a cyan ugly thing
  6118 | D:8      | Reached skill level 13 in Axes
  6120 | D:8      | Killed a cyan ugly thing
  6170 | D:8      | Got a jewelled glaive
  6173 | D:8      | Identified the cursed +1 glaive of Accidental Termination {pain, rN+ Int+3 Dex+3} (You found it on level 8 of the Dungeon)
  6191 | D:8      | Got a steaming amber ring
  6206 | D:8      | Identified the ring "Tesmeg" {+Inv EV+4 Int+3 Slay-4} (You found it on level 8 of the Dungeon)
  7446 | D:9      | Reached ****** piety under Trog
  7746 | D:9      | Reached skill level 14 in Axes
  7861 | D:9      | Received a gift from Trog
  8014 | D:10     | Entered Level 10 of the Dungeon
  8177 | D:10     | Noticed Maurice
  8188 | D:10     | Killed Maurice
  8188 | D:10     | Reached XP level 11. HP: 110/110 MP: 10/10
  8421 | D:5      | Bought the ring of Spring {rElec EV+4 Int+2 Slay+3} for 734 gold pieces
  8572 | D:10     | Got a smoking flail
  8573 | D:10     | Identified the cursed +1 flail of the Real Monster {flame, +Rage +Inv MP+9} (You found it on level 10 of the Dungeon)
  8600 | D:10     | Noticed Sonja
  8608 | D:10     | Killed Sonja
  8829 | D:10     | Found a staircase to the Lair.
  9138 | D:10     | Gained mutation: You have sharp fingernails. [mutagenic meat]
  9139 | D:10     | Gained mutation: You are weak. (Str -2) [mutagenic meat]
  9140 | D:10     | Gained mutation: Your body sometimes deteriorates upon taking damage. [mutagenic meat]
  9143 | D:10     | Identified a scroll of acquirement
  9148 | D:10     | Lost mutation: Your body sometimes deteriorates upon taking damage. [potion of mutation]
  9148 | D:10     | Lost mutation: You are weak. (Str -2) [potion of mutation]
  9148 | D:10     | Gained mutation: You are frail. (-10% HP) [potion of mutation]
  9148 | D:10     | Gained mutation: You can translocate small distances at will. [potion of mutation]
  9211 | D:10     | Found a glowing silver altar of Zin.
  9214 | D:10     | Noticed a two-headed ogre
  9219 | D:10     | Killed a two-headed ogre
  9219 | D:10     | Reached skill level 15 in Axes
  9274 | D:10     | Reached skill level 15 in Fighting
  9303 | D:10     | Noticed a two-headed ogre
  9310 | D:10     | Killed a two-headed ogre
  9505 | Lair:1   | Entered Level 1 of the Lair of Beasts
  9511 | Lair:1   | Received a gift from Trog
 10474 | Lair:2   | Reached skill level 1 in Maces & Flails
 10554 | Lair:2   | Reached skill level 3 in Maces & Flails
 10563 | Lair:2   | Reached skill level 16 in Axes
 10568 | Lair:2   | Reached XP level 12. HP: 106/109 MP: 11/11
 10629 | Lair:2   | Found a staircase to the Shoals.
 10789 | Lair:2   | Reached skill level 6 in Maces & Flails
 10835 | Lair:2   | Noticed a seven-headed hydra
 10846 | Lair:2   | Killed a seven-headed hydra
 11301 | Lair:3   | Reached skill level 9 in Maces & Flails
 11456 | Lair:3   | Reached skill level 3 in Dodging
 11464 | Lair:3   | Received a gift from Trog
 11487 | Lair:3   | Reached skill level 17 in Axes
 12518 | Lair:3   | Reached skill level 6 in Dodging
 12791 | Lair:4   | Found a dark tunnel.
 12800 | Volcano  | Entered a volcano
 12862 | Volcano  | Killed from afar by a molten gargoyle

Skill      XL: |  1  2  3  4  5  6  7  8  9 10 11 12 |
---------------+-------------------------------------+-----
Axes           | 4 5 6 7 9 10 12 14 16 17 | 17.3
Fighting       | 4 5 6 7 8 10 12 14 15 | 15.6
Maces & Flails | 4 11 | 11.4
Dodging        | 6 |  6.9
Armour         | |  2.4

Action                   |  1- 3 |  4- 6 |  7- 9 | 10-12 || total
-------------------------+-------+-------+-------+-------++-------
Melee: Hand axe          |    19 |       |       |       ||    19
       Headbutt          |    13 |    19 |    28 |    72 ||   132
       Dagger            |    82 |    61 |       |       ||   143
       Battleaxe         |       |    11 |   237 |   283 ||   531
       Glaive            |       |       |       |    19 ||    19
       Flail             |       |       |       |     4 ||     4
 Fire: Shortbow          |       |       |     4 |    78 ||    82
       Hunting sling     |       |       |       |    84 ||    84
Invok: Berserk           |       |     1 |       |     3 ||     4
       Burn Spellbooks   |       |       |     1 |     1 ||     2
       Trog's Hand       |       |       |       |     1 ||     1
  Use: Scroll            |     6 |     1 |    11 |    17 ||    35
       Potion            |       |       |       |     3 ||     3
 Stab: Distracted        |       |       |       |     1 ||     1
  Eat: Bread ration      |     1 |       |       |       ||     1
       Chunk             |     1 |     4 |    15 |    26 ||    46
       Fruit             |       |       |       |     2 ||     2
Armor: Scale mail        |    19 |       |       |       ||    19
       Animal skin       |     4 |       |       |       ||     4
       Plate armour      |    46 |    42 |   131 |   177 ||   396
Dodge: Dodged            |    51 |    26 |   128 |   216 ||   421
